 Dungeon Crawl Stone Soup version 0.29.1-15-g9cfb28693d (webtiles) character file.

Game seed: 15683663190515450573

315 protoss039 the Digger (level 6, 34/46 HPs)
             Began as a Demonspawn Earth Elementalist on Mar 9, 2023.
             Got out of the dungeon alive.
             The game lasted 00:05:44 (3621 turns).

protoss039 the Digger (DsEE)                        Turns: 3621, Time: 00:05:44

Health: 34/46      AC:  9    Str:  8    XL:     6   Next: 19%
Magic:  10/10      EV: 10    Int: 19    God:
Gold:   199        SH: 13    Dex: 21    Spells: 8/11 levels left

rFire   . . .      SeeInvis .   v - +0 war axe
rCold   + + +      Faith    .   u - +0 buckler of Xacw {rF- rC++ Dex+8}
rNeg    . . .      Spirit   .   h - +0 ring mail
rPois   .          Reflect  .   (no helmet)
rElec   .          Harm     .   e - scarf {rC+ rF+}
rCorr   .          Rampage  .   (no gloves)
Will    .....                   (no boots)
Stlth   ++........              (no amulet)
HPRegen 0.15/turn               i - +4 ring of protection
MPRegen 0.24/turn               (no ring)

@: no status effects
A: large bone plates 1, magic regeneration, condensation shield, demonic touch 2
a: no special abilities


You escaped.
You visited 1 branch of the dungeon, and saw 4 of its levels.

You collected 199 gold pieces.

Inventory:

Hand Weapons
 d - a +0 spear
 v - a +0 war axe (weapon)
Armour
 e - a scarf of resistance (worn)
 h - a +0 ring mail (worn)
 n - a +0 kite shield
 u - the +0 buckler of Xacw (worn) {rF- rC++ Dex+8}
   (You found it on level 3 of the Dungeon)

   Dex:       It affects your dexterity (+8).
   rF:        It makes you vulnerable to fire.
   rC:        It greatly protects you from cold.
Jewellery
 i - a +4 ring of protection (left hand)
 y - an amulet of magic regeneration
Wands
 x - a wand of flame (23)
Scrolls
 a - a scroll of blinking {unknown}
 k - a scroll of enchant armour {unknown}
 l - 3 scrolls of poison {unknown}
 m - 5 scrolls of identify {unknown}
 o - 2 scrolls of immolation {unknown}
 r - a scroll of amnesia {unknown}
 s - a scroll of silence {unknown}
Potions
 b - a potion of magic
 c - a potion of mutation {unknown}
 f - 2 potions of flight {unknown}
 g - 5 potions of curing {unknown}
 j - 2 potions of heal wounds {unknown}
 p - a potion of attraction {unknown}
 q - a potion of haste {unknown}
 t - 2 potions of lignification {unknown}
 w - a potion of might {unknown}


   Skills:
 * Level 2.9 Fighting
 * Level 2.1 Armour
 - Level 1.7 Dodging
 - Level 1.7 Stealth
 * Level 2.2 Shields
 + Level 3.1 Spellcasting
 - Level 0.8 Transmutations
 + Level 3.6 Earth Magic


You had 8 spell levels left.
You knew the following spells:

 Your Spells              Type           Power      Damage    Failure   Level
a - Sandblast             Erth           32%        2d9       14%         1
b - Passwall              Tmut/Erth      9%         N/A       34%         2

Your spell library contained the following spells:

 Spells                   Type           Power      Damage    Failure   Level
 Shock                    Conj/Air       8%         1d3       52%         1
 Stone Arrow              Conj/Erth      18%        3d8       63%         3
 Swiftness                Air            2%         N/A       87%         3
 Petrify                  Tmut/Erth      11%        N/A       93%         4
 Airstrike                Air            1%         2d(1-17)  99%         4


Dungeon Overview and Level Annotations

Branches:
Dungeon (4/15) Zot: 20294
 Temple: D:4-7

Altars:

Shops:
D:1 (


Innate Abilities, Weirdness & Mutations

You are partially covered in large bone plates. (SH +4)
You regenerate magic rapidly.
A meltable shield of frost defends you. (SH +4)
Your touch may inflict irresistible damage on your foes.


Message History

The jackal is severely wounded.
The jackal completely misses you. You block the jackal's attack.
You closely miss the jackal.
The jackal is heavily wounded.
The jackal barely misses you.
The jackal bites you but does no damage.
You block the jackal's attack.
You slash the jackal!
You kill the jackal!
You block the hobgoblin's attack.
You hit the hobgoblin.
The hobgoblin is moderately wounded.
The hobgoblin hits you but does no damage.
You closely miss the hobgoblin.
The hobgoblin is moderately wounded.
You block the hobgoblin's attack.
The hobgoblin hits you but does no damage.
You slash the hobgoblin!
You kill the hobgoblin!
You swing at nothing.
You swing at nothing.
You swing at nothing.
You swing at nothing.
(D) Dungeon
Where to? (Enter - D:1, ? - help)
What level of the Dungeon? (default 1, ? - help)
Things that are here:
a hobgoblin corpse; a jackal corpse; a jackal corpse
There is a stone staircase leading up here.
You climb upwards.
There is a stone staircase leading down here.
There is a stone staircase leading up here.
You climb upwards.
There is a stone staircase leading down here.
There is a stone staircase leading down here.
You open the door.
There is an open door here.
There is a staircase leading out of the dungeon here.
Are you sure you want to leave the Dungeon?
This will make you lose the game!
You have escaped!

.............#
.............#
.............#
.............#
............##
#.....[....## #####
###.......## ##...#
#.......#########..#.#
##.....###.#.'@'..#..#
#....## #...######.##
#.#### ##.#.#####..#
#.# #..#.......## #.#
#..######### #.#
###..## #.# #.....#
#.# #.....# ##.#
#.....#


There were no monsters in sight!

Vanquished Creatures
  A scorpion (D:4)
  A hound (D:4)
  Natasha (thrice) (D:4)
  4 gnolls (D:3)
  3 adders
  4 worms
  2 dart slugs (D:1)
  9 orcs
  2 endoplasms (D:1)
  2 giant cockroaches (D:3)
  6 goblins
  4 hobgoblins
  2 jackals (D:3)
  2 quokkas
  6 ball pythons
  4 bats
  A frilled lizard (D:2)
  4 kobolds
  5 rats
65 creatures vanquished.

Notes
Turn   | Place    | Note
-------+----------+-------------------------------------------
     0 | D:1      | protoss039 the Demonspawn Earth Elementalist began the
                  | quest for the Orb.
     0 | D:1      | Reached XP level 1. HP: 13/13 MP: 3/3
    66 | D:1      | Found a faded altar of an unknown god.
   362 | D:1      | Gained mutation: Your touch may inflict minor irresistible
                  | damage on your foes. [demonic ancestry]
   362 | D:1      | Reached XP level 2. HP: 20/20 MP: 3/5
   448 | D:1      | Found Qiraid's Antique Weapon Shoppe.
   596 | D:1      | Reached skill level 1 in Fighting
   697 | D:1      | Learned a level 2 spell: Passwall
  1281 | D:2      | Gained mutation: Your touch may inflict irresistible damage
                  | on your foes. [demonic ancestry]
  1281 | D:2      | Reached XP level 3. HP: 26/26 MP: 6/6
  1657 | D:3      | Gained mutation: You regenerate magic rapidly. [demonic
                  | ancestry]
  1657 | D:3      | Reached XP level 4. HP: 26/33 MP: 1/7
  1973 | D:3      | Identified the +0 buckler of Xacw {rF- rC++ Dex+8}
  2052 | D:3      | Reached skill level 1 in Armour
  2064 | D:3      | Reached skill level 1 in Shields
  2682 | D:4      | Gained mutation: You are partially covered in large bone
                  | plates. (SH +4) [demonic ancestry]
  2682 | D:4      | Reached XP level 5. HP: 38/38 MP: 6/9
  2710 | D:4      | Noticed Natasha
  2719 | D:4      | Killed Natasha
  3152 | D:4      | Noticed Natasha
  3164 | D:4      | Killed Natasha
  3392 | D:4      | Noticed Natasha
  3399 | D:4      | Killed Natasha
  3470 | D:4      | Gained mutation: A meltable shield of frost defends you.
                  | (SH +4) [demonic ancestry]
  3470 | D:4      | Reached XP level 6. HP: 21/46 MP: 4/10
  3621 | D:$      | Got out of the dungeon alive.

Illustrated notes

Levels and vault maps discovered:
D:1:      dpeg_arrival_tiny_b, layout_rooms, serial_shops,
          nicolae_shop_waterfront, nicolae_ecumenical_snake_handling
D:2:      layout_basic
D:3:      layout_basic, amcnicky_mini_rare_corridor_liquid,
          kennysheep_another_room
D:4:      layout_gridville, uniq_ijyb, uniq_natasha

Skill      XL: |  1  2  3  4  5 |
---------------+----------------+-----
Fighting       | 1 2 |  2.9
Earth Magic    | 3 |  3.6
Armour         | 1 2 |  2.1
Shields        | 1 2 |  2.2
Spellcasting   | 3 |  3.1
Dodging        | |  1.7
Stealth        | |  1.7
Transmutations | |  0.8

Action                   |  1- 3 |  4- 6 || total
-------------------------+-------+-------++-------
Melee: Spear             |    54 |    63 ||   117
       Touch             |     6 |       ||     6
       Punch             |     1 |       ||     1
       War axe           |       |    26 ||    26
 Cast: Sandblast         |    30 |    55 ||    85
  Use: Scroll            |       |     2 ||     2
 Stab: Sleeping          |     2 |       ||     2
Armor: Robe              |     2 |       ||     2
       Ring mail         |    16 |    72 ||    88
Dodge: Dodged            |    38 |    59 ||    97
Block: Kite shield       |    11 |     2 ||    13
       Buckler           |       |    46 ||    46
